 Dungeon Crawl Stone Soup version 0.30-a0-1116-gebefce21f7 (webtiles) character file.

Game seed: 8286508649661800781

7626 NinjaNoafa the Skirmisher (level 10, -2/83 HPs)
             Began as a Minotaur Hunter on Apr 21, 2023.
             Was an Initiate of Gozag.
             Killed from afar by a deep elf zephyrmancer (21 damage)
             ... with a bolt of lightning
             ... on level 9 of the Dungeon.
             The game lasted 00:26:22 (8277 turns).

NinjaNoafa the Skirmisher (Minotaur Hunter)         Turns: 8277, Time: 00:26:23

Health: -2/83      AC: 16    Str: 15      XL:     10   Next: 98%
Magic:  3/3        EV:  9    Int:  1 (6)  God:    Gozag
Gold:   940        SH:  0    Dex: 22      Spells: 9/9 levels left

rFire   + . .      SeeInvis .    a - +9 mace of Diet Blood {antimagic, Dex+3}
rCold   . . .      Faith    .    (no shield)
rNeg    . . .      Spirit   .    M - +2 chain mail {rF+}
rPois   +          Reflect  .    (helmet restricted)
rElec   .          Rampage  .    S - +0 cloak
rCorr   .                        e - +3 pair of gauntlets of War {Slay+5}
Will    +....                    (no boots) Stlth
                                 B - amulet of magic regeneration
HPRegen 0.33/turn                O - ring of poison resistance
MPRegen 0.48/turn                h - ring of willpower

@: slowed, lost intelligence, unable to read, very slow
A: horns 2, retaliatory headbutt
a: Renounce Religion, Potion Petition, Call Merchant, Bribe Branch


You were on level 9 of the Dungeon.
You worshipped Gozag.
Gozag was pleased with you.
You visited 2 branches of the dungeon, and saw 10 of its levels.

You collected 1854 gold pieces.
You spent 849 gold pieces at shops.
You paid 65 gold pieces to Gozag.

Inventory:

Hand Weapons
 a - the +9 mace of Diet Blood (weapon) {antimagic, Dex+3}
   (You found it on level 5 of the Dungeon)

   Dex:       It affects your dexterity (+3).
 b - a +6 hammer of protection
 c - the +3 shortbow of Courage {flame, rElec rC+ rCorr Dex+3}
   (You bought it in a shop on level 7 of the Dungeon)

   Dex:       It affects your dexterity (+3).
   rC:        It protects you from cold.
   rElec:     It insulates you from electricity.
   rCorr:     It protects you from acid and corrosion.
Missiles
 g - 8 atropa-tipped darts
 s - 17 poisoned darts
 v - a throwing net
 w - 8 boomerangs
 y - 5 javelins
 F - a silver boomerang
 Q - 2 curare-tipped darts
Armour
 e - the +3 pair of gauntlets of War (worn) {Slay+5}
   (You acquired it on level 3 of the Dungeon)

   Slay:      It affects your accuracy & damage with ranged weapons and melee
   (+5).
 M - a +2 chain mail of fire resistance (worn)
 S - a +0 cloak (worn)
Jewellery
 h - a ring of willpower (right hand)
 B - an amulet of magic regeneration (around neck)
 J - a +6 ring of strength
 O - a ring of poison resistance (left hand)
 P - a ring of flight
Wands
 x - a wand of flame (73)
 C - a wand of paralysis (12)
 H - a wand of polymorph (4)
 L - a wand of acid (6)
Scrolls
 f - 3 scrolls of teleportation
 l - 3 scrolls of blinking {unknown}
 m - 4 scrolls of amnesia {unknown}
 o - 3 scrolls of magic mapping {unknown}
 t - 2 scrolls of vulnerability {unknown}
 u - a scroll of enchant armour {unknown}
 z - 2 scrolls of poison {unknown}
 A - a scroll of fear {unknown}
 I - a scroll of brand weapon {unknown}
Potions
 d - 3 potions of curing
 i - 5 potions of brilliance
 j - 6 potions of degeneration {unknown}
 n - 6 potions of attraction
 p - 2 potions of resistance {unknown}
 q - a potion of might
 r - a potion of haste
 E - 2 potions of cancellation
 G - a potion of lignification {unknown}
 K - a potion of invisibility {unknown}
 N - a potion of ambrosia {unknown}
 T - 2 potions of mutation {unknown}


   Skills:
 - Level 6.0 Fighting
 + Level 10.2 Maces & Flails
 - Level 14.7 Ranged Weapons
 - Level 4.0 Armour
 - Level 4.0 Dodging
 - Level 0.7 Stealth


You had 9 spell levels left.
You didn't know any spells.
Your spell library contained the following spells:

 Spells                   Type           Power      Damage    Failure   Level
 Slow                     Hex            0%         N/A       100%        1
 Static Discharge         Conj/Air       0%         2-2/arc   100%        2
 Call Canine Familiar     Summ           0%         N/A       100%        3
 Confusing Touch          Hex            0%         N/A       100%        3
 Portal Projectile        Hex/Tloc       0%         N/A       100%        3
 Vampiric Draining        Necr           0%         2d6       100%        3
 Airstrike                Air            0%         2d(0-16)  100%        4
 Leda's Liquefaction      Hex/Erth       0%         N/A       100%        4
 Summon Lightning Spire   Summ/Air       0%         N/A       100%        4
 Haunt                    Necr/Summ      0%         N/A       100%        7
 Infestation              Necr           0%         N/A       100%        8
 Animate Dead             Necr           Unusable   N/A       N/A         4

Dungeon Overview and Level Annotations

Branches:
Dungeon (9/15)             Temple (1/1) D:7
   Lair: D:8-11         Orc: D:9-12

Altars:
Cheibriados
Dithmenos
Elyvilon
Fedhas
Gozag
Hepliaklqana
Kikubaaqudgha
Makhleb
Nemelex Xobeh
Okawaru
Qazlal
Ru
Sif Muna
Trog
Uskayaw
Vehumet
Wu Jian
Xom
Yredelemnul
Zin
The Shining One

Shops:
D:7 *!!((

Annotations:
D:8 1 runed translucent door, exclusion: 3 orange crystal statues


Innate Abilities, Weirdness & Mutations

You have a pair of horns on your head.
You reflexively headbutt those who attack you in melee.


Message History

The bolt of acid misses the deep elf zephyrmancer.
The deep elf zephyrmancer shouts!
You feel better.
The deep elf zephyrmancer is no longer distracted by gold.
The deep elf zephyrmancer hits you with a +0 long sword!
* * * LOW HITPOINT WARNING * * *
Unknown command.
Unknown command.
Unknown command.
You thump the deep elf zephyrmancer!
The deep elf zephyrmancer's magic leaks into the air.
The deep elf zephyrmancer is moderately wounded.
The deep elf zephyrmancer hits you with a +0 long sword.
* * * LOW HITPOINT WARNING * * *
Unknown command.
Unknown command.
You closely miss the deep elf zephyrmancer.
The deep elf zephyrmancer is moderately wounded.
The deep elf zephyrmancer hits you with a +0 long sword.
* * * LOW HITPOINT WARNING * * *
Unknown command.
Okay, then.
You bludgeon the deep elf zephyrmancer!!
The deep elf zephyrmancer's magic leaks into the air.
The deep elf zephyrmancer is severely wounded.
The deep elf zephyrmancer is no longer covered in acid.
The deep elf zephyrmancer hits you but does no damage.
The deep elf zephyrmancer hits you with a +0 long sword.
* * * LOW HITPOINT WARNING * * *
You closely miss the deep elf zephyrmancer.
Your headbutt misses the deep elf zephyrmancer.
The deep elf zephyrmancer is severely wounded.
The deep elf zephyrmancer's magic is no longer disrupted.
The deep elf zephyrmancer hits you but does no damage.
Unknown command.
You feel better.
The deep elf zephyrmancer points at you and mumbles some strange words.
The bolt of lightning hits you!!
You die...
Your body crumbles into a pile of gold.

#....# #..#.#
#######..#.# ##
####.##.##..#.# ##.
#:##'##'##..#.# ##..
$
#:#......#....###...
#'#.§..§[#....##....
#.'$.....'....#....#
#.e@....['........##
#'#.§..§.#......###.
#[#......#)[..### #.
#[##'##'##)...# ##
####.# ##....# ###
#)...# #)...#
###...##
####.).#####


You could see a deep elf zephyrmancer.

Vanquished Creatures
  2 two-headed ogres
  An orange crystal statue (D:8)
  A deep elf pyromancer (D:9)
  Maggie (D:5)
  Grinder (D:3)
  2 hornets
  Eustachio (D:6)
  Edmund (D:4)
  2 acid dragons (D:8)
  A water moccasin (D:7)
  Duvessa (D:7)
  A swamp drake (D:9)
  5 orc warriors
  A black bear (D:7)
  3 ice beasts
  2 ogres
  3 centaurs
  2 kobold brigands (D:9)
  4 bullfrogs
  4 scorpions (D:6)
  14 wights
  Dowan (D:7)
  4 howler monkeys
  2 electric eels (D:8)
  A crimson imp (D:9)
  4 hounds
  3 orc priests
  Crazy Yiuf (D:7)
  2 iguanas (D:4)
  3 jellies
  A gnoll bouda (D:7)
  An iron imp (D:9)
  2 sleepcaps
  Ijyb (D:4)
  Natasha (thrice) (D:3)
  2 orc wizards (D:9)
  Robin (D:3)
  5 gnolls (D:7)
  13 adders
  A shadow imp (D:9)
  2 white imps
  An ufetubus (D:6)
  3 worms
  6 dart slugs
  51 orcs
  6 ball pythons
  10 endoplasms
  3 giant cockroaches
  14 goblins
  10 hobgoblins
  5 quokkas
  5 bats
  7 frilled lizards
  13 kobolds
  3 rats
243 creatures vanquished.

Vanquished Creatures (others)
  An orc wizard (D:9)
1 creature vanquished.

Grand Total: 244 creatures vanquished

Notes
Turn   | Place    | Note
-------+----------+-------------------------------------------
     0 | D:1      | NinjaNoafa the Minotaur Hunter began the quest for the Orb.
     0 | D:1      | Reached XP level 1. HP: 18/18 MP: 0/0
   146 | D:1      | Reached XP level 2. HP: 25/25 MP: 1/1
   248 | D:1      | Found a faded altar of an unknown god.
   483 | D:2      | Found a sparkling altar of Nemelex Xobeh.
   508 | D:2      | Reached skill level 1 in Armour
   639 | D:2      | Reached XP level 3. HP: 24/30 MP: 2/2
  1385 | D:2      | Reached XP level 4. HP: 38/38 MP: 3/3
  1566 | D:2      | Reached skill level 5 in Ranged Weapons
  1594 | D:3      | Noticed Robin
  1711 | D:3      | Noticed Natasha
  1715 | D:3      | Killed Natasha
  1725 | D:3      | Noticed Natasha
  1730 | D:3      | Killed Natasha
  1731 | D:3      | Reached XP level 5. HP: 30/46 MP: 4/4
  1767 | D:3      | Found an opulent altar of Gozag.
  1775 | D:3      | Noticed Natasha
  1785 | D:3      | Noticed Grinder
  1786 | D:3      | Became a worshipper of Gozag Ym Sagoz the Greedy
  1881 | D:3      | Killed Robin
  1948 | D:3      | Identified a scroll of acquirement
  1950 | D:3      | Acquired the +3 pair of gauntlets of War {Slay+5}
  1950 | D:3      | Found the +3 pair of gauntlets of War {Slay+5}
  2043 | D:3      | Killed Grinder
  2044 | D:3      | Reached skill level 6 in Ranged Weapons
  2044 | D:3      | Reached XP level 6. HP: 37/52 MP: 5/5
  2066 | D:3      | Killed Natasha
  2432 | D:4      | Noticed Ijyb
  2440 | D:4      | Killed Ijyb
  2564 | D:4      | Noticed Edmund
  2588 | D:4      | Killed Edmund
  2589 | D:4      | Reached skill level 7 in Ranged Weapons
  2589 | D:4      | Reached XP level 7. HP: 50/59 MP: 6/6
  2704 | D:4      | Found a radiant altar of Vehumet.
  3024 | D:4      | Found a shadowy altar of Dithmenos.
  3179 | D:5      | Entered Level 5 of the Dungeon
  3206 | D:5      | Reached skill level 8 in Ranged Weapons
  3227 | D:5      | Identified the +9 mace of Diet Blood {antimagic, Dex+3}
  3646 | D:6      | Noticed Maggie
  3661 | D:5      | Killed Maggie
  3662 | D:5      | Reached skill level 9 in Ranged Weapons
  3662 | D:5      | Reached XP level 8. HP: 53/66 MP: 3/7
  3711 | D:6      | Found a stormy altar of Qazlal.
  3716 | D:6      | Reached skill level 10 in Ranged Weapons
  3737 | D:6      | Found a blossoming altar of Fedhas.
  3824 | D:6      | Found an ancient bone altar of Kikubaaqudgha.
  3852 | D:6      | Reached skill level 11 in Ranged Weapons
  4034 | D:6      | Noticed Eustachio
  4042 | D:6      | Killed Eustachio
  4043 | D:6      | Reached skill level 12 in Ranged Weapons
  4274 | D:7      | Found Yjej's Weapon Boutique.
  4442 | D:7      | Found Ankeawaf's Weapon Emporium.
  4452 | D:7      | Bought the +3 shortbow of Courage {flame, rElec rC+ rCorr
                  | Dex+3} for 639 gold pieces
  4479 | D:7      | Found a runed translucent door.
  4480 | D:7      | Noticed Crazy Yiuf
  4609 | D:7      | Reached XP level 9. HP: 71/71 MP: 8/8
  4659 | D:7      | Found Vuikeez's Distillery.
  4669 | D:7      | Bought a potion of cancellation for 104 gold pieces
  4730 | D:7      | Found Ysoil's Assorted Antiques.
  4742 | D:7      | Bought 2 fizzy dark potions for 45 gold pieces
  4742 | D:7      | Bought a metallic inky potion for 22 gold pieces
  4861 | D:7      | Found Joled's Distillery.
  4944 | D:7      | Reached skill level 13 in Ranged Weapons
  4965 | D:7      | Noticed Dowan
  4966 | D:7      | Killed Dowan
  4980 | D:7      | Noticed Duvessa
  4988 | D:7      | Killed Duvessa
  5032 | D:7      | Found a staircase to the Ecumenical Temple.
  5041 | Temple   | Entered the Ecumenical Temple
  5416 | D:7      | Found a bloodstained altar of Trog.
  5423 | D:7      | Found a sacrificial altar of Ru.
  5425 | D:7      | Found a burning altar of Makhleb.
  5611 | D:8      | Noticed a two-headed ogre
  5617 | D:8      | Killed a two-headed ogre
  5618 | D:8      | Reached skill level 14 in Ranged Weapons
  5638 | D:8      | Found a runed translucent door.
  5641 | D:8      | Noticed an orange crystal statue
  5641 | D:8      | Found the +10 tower shield of Ignorance {rN+ Int-4}
  5666 | D:8      | Found a runed translucent door.
  6072 | D:8      | Reached skill level 1 in Maces & Flails
  6083 | D:8      | Paralysed by a hornet for 3 turns
  6090 | D:8      | Reached XP level 10. HP: 44/80 MP: 3/9
  6324 | D:8      | Reached skill level 5 in Fighting
  6669 | D:7      | Bought a potion of flight for 39 gold pieces
  6904 | D:9      | Noticed a two-headed ogre
  6910 | D:9      | Killed a two-headed ogre
  6911 | D:9      | Reached skill level 5 in Maces & Flails
  6928 | D:9      | Paralysed by a hornet for 1 turns
  7383 | D:7      | Killed Crazy Yiuf
  7430 | D:8      | Noticed an orange crystal statue
  7430 | D:8      | Noticed an orange crystal statue
  7430 | D:8      | Noticed an orange crystal statue
  7447 | D:8      | Killed an orange crystal statue
  7469 | D:8      | Lost intelligence.
  8254 | D:9      | Noticed a deep elf zephyrmancer
  8257 | D:9      | Noticed a deep elf pyromancer
  8262 | D:9      | HP: 2/83 [deep elf zephyrmancer/bolt of lightning (31)]
  8267 | D:9      | Killed a deep elf pyromancer
  8268 | D:9      | Reached skill level 10 in Maces & Flails
  8277 | D:9      | Killed from afar by a deep elf zephyrmancer

Illustrated notes

Levels and vault maps discovered:
D:1:      lemuel_arrival_funnel, layout_rooms, shapermc_ecumenical_altar_ellora
D:2:      minmay_razor_zed, layout_loops_corners, basic_altar
D:3:      layout_rooms, mainiacjoe_overflow_tiny_flanked,
          nicolae_concentric_dashed_squares_wild, kennysheep_potato, uniq_robin,
          uniq_natasha, uniq_grinder
D:4:      layout_loops_ring, mainiacjoe_overflow_surrounded_room,
          nicolae_dithmenos_through_a_glass_darkly, uniq_edmund, uniq_ijyb
D:5:      layout_rooms
D:6:      layout_rooms, mainiacjoe_overflow_boulevard,
          grunt_temple_overflow_forces_of_nature, uniq_maggie, uniq_eustachio
D:7:      layout_layer_cave, minitemple, minmay_temple_entry_grid, serial_shops,
          nicolae_shop_just_a_little_nook, shop, nicolae_shop_statue_plus, shop,
          shop, uniq_duvessa, uniq_crazy_yiuf_cottage
D:8:      statuecave_lemuel, layout_loops_ring,
          chequers_guarded_unrand_ignorance
D:9:      layout_roguey [special_room_orc], mainiacjoe_overflow_small_starburst,
          nrook_mini_backslash, hangedman_minor_magic
Temple:   nicolae_temple_slightly_damp_pantheon

Skill      XL: |  1  2  3  4  5  6  7  8  9 10 |
---------------+-------------------------------+-----
Armour         | 1 2 4 |  4.0
Fighting       | 3 4 6 |  6.0
Dodging        | 3 4 |  4.0
Ranged Weapons | 5 6 7 9 12 14 | 14.7
Maces & Flails | 1 10 | 10.2
Stealth        | |  0.7

Action                     |  1- 3 |  4- 6 |  7- 9 | 10-12 || total
---------------------------+-------+-------+-------+-------++-------
  Melee: Mace              |       |       |    12 |   185 ||   197
         Headbutt          |       |       |     2 |    35 ||    37
         Punch             |       |       |     1 |     3 ||     4
   Fire: Shortbow          |   103 |   128 |   205 |     7 ||   443
  Evoke: Wand              |       |       |       |     4 ||     4
    Use: Scroll            |       |     8 |     2 |     2 ||    12
         Potion            |       |       |       |     8 ||     8
   Stab: Distracted        |       |       |       |     1 ||     1
 Armour: Leather armour    |     7 |    21 |    13 |       ||    41
         Steam dragon scal |       |       |     9 |       ||     9
         Chain mail        |       |       |     8 |   175 ||   183
  Dodge: Dodged            |    22 |    61 |    64 |   120 ||   267

Table legend: (Time is in decaauts)
 A = Elapsed time spent in this place.
 B = Non-inter-level travel time spent in this place.
 C = Inter-level travel time spent in this place.
 D = Time resting spent in this place.
 E = Time spent auto-exploring this place.
 F = Levels seen in this place.
 G = Mean time per level.
                   A        B        C        D        E       F      G
               +--------+--------+--------+--------+--------+-----+--------+
         Total |   8729 |   7655 |   1074 |    654 |   5186 |  10 |  872.9 |
       Dungeon |   8547 |   7492 |   1055 |    654 |   5036 |   9 |  949.7 |
        Temple |    181 |    162 |     19 |      0 |    150 |   1 |  181.0 |
               +--------+--------+--------+--------+--------+-----+--------+

Top non-repeatable levels by time:
     D:8: 1582 daAuts
     D:7: 1306 daAuts
     D:2: 1258 daAuts
     D:9: 1116 daAuts
     D:3: 869 daAuts
     D:4: 752 daAuts
     D:6: 606 daAuts
     D:5: 564 daAuts
     D:1: 491 daAuts
  Temple: 181 daAuts
